Map: Lightshade LE

Players

SouLeer

  • Race: Zerg Zerg
  • League: Grandmaster
  • Spawn Location: 5:00

GOStephano (Stephano) - Winner!

  • Race: Zerg Zerg
  • League: Grandmaster
  • Spawn Location: 11:00

Event: DreamHack SC2 Masters 2020 Winter

VOD

Have the link to the VOD?

Description

Time

  • Played on: Oct. 22, 2020, 11:40 a.m.
  • Length: 7:28

All games in this series

Show
View Real Time Build Order
Export as new Build Order

SouLeer Zerg 

Build Orders: Hatch First 

Get SALT Encoding   

  12  0:02  Drone  
  13  0:12  Overlord  
  13  0:17  Drone  
  14  0:31  Drone x2  
  16  0:48  Hatchery  
  15  0:52  Drone  
  15  0:55  Drone  
  17  0:59  Drone  
  18  1:09  Extractor  
  17  1:15  Spawning Pool  
  17  1:18  Drone  
  17  1:22  Drone  
  18  1:29  Drone  
  19  1:40  Drone  
  20  1:50  Overlord  
  20  2:01  Drone x2, Queen x2  
  26  2:11  Drone  
  26  2:12  Drone  
  28  2:16  Metabolic Boost  
  28  2:30  Hatchery  
  28  2:32  Zergling x2  
  28  2:35  Zergling x2  
  29  2:37  Drone  
  29  2:40  Drone  
  29  2:44  Drone  
  32  2:48  Drone  
  33  2:53  Baneling Nest  
  33  2:56  Overlord  
  33  2:58  Drone  
  33  3:06  Drone x2  
  33  3:10  Overlord  
  35  3:13  Zergling x2  
  35  3:15  Zergling x4  
  35  3:16  Zergling x2  
  38  3:21  Drone x2  
  38  3:23  Drone  
  41  3:30  Drone  
  42  3:36  Drone  
  42  3:41  Evolution Chamber, Drone x4  
  44  3:42  Extractor  
  44  3:44  Drone x2  
  44  3:45  Drone  
  44  3:48  Drone  
  49  3:52  Drone  
  49  3:55  Queen  
  52  3:58  Overlord  
  52  4:01  Drone  
  53  4:07  Zerg Missile Weapons Level 1  
  53  4:08  Drone x2  
  53  4:09  Drone  
  56  4:11  Overlord  
  56  4:14  Overlord  
  56  4:19  Lair  
  55  4:25  Extractor  
  55  4:28  Drone x2, Roach Warren  
  55  4:29  Drone  
  55  4:31  Drone  
  57  4:33  Drone x2  
  57  4:35  Drone  
  57  4:37  Drone  
  57  4:38  Drone  
  62  4:40  Baneling x2  
  62  4:42  Zergling x4  
  64  4:46  Overlord  
  64  4:48  Drone  
  64  4:52  Overlord  
  64  4:53  Drone x2  
  64  4:56  Drone x2  
  64  4:58  Drone  
  69  5:00  Drone  
  69  5:02  Drone x2  
  72  5:13  Drone x3  
  72  5:14  Drone x2  
  74  5:16  Extractor x2  
  74  5:19  Spire  
  74  5:20  Drone x2, Extractor  
  71  5:23  Drone x2  
  72  5:30  Overlord  
  72  5:32  Overlord  
  72  5:37  Spine Crawler  
  72  5:38  Roach x3  
  72  5:39  Glial Reconstitution  
  79  5:43  Roach  
  79  5:48  Roach x4  
  87  5:52  Overlord  
  87  5:53  Roach  
  87  5:55  Roach x2  
  93  5:59  Roach x2  
  93  6:01  Roach  
  99  6:06  Roach x2  
  99  6:07  Overlord x2  
  99  6:10  Roach x2  
  108  6:14  Roach  
  108  6:15  Roach  
  112  6:19  Overlord  
  112  6:23  Overlord  
  112  6:26  Roach x3  
  112  6:27  Roach x2  
  112  6:31  Roach x3  
  128  6:35  Overlord  
  128  6:42  Roach x3  
  128  6:43  Roach x2  
  119  6:47  Roach  
  119  6:49  Roach  
  119  6:50  Roach x2  
  112  6:54  Roach  
  112  6:55  Roach  
  112  7:01  Roach x5  
  112  7:02  Roach  
  112  7:04  Roach  
  112  7:07  Roach  
  106  7:09  Roach  
Show
View Real Time Build Order
Export as new Build Order

GOStephano Zerg - Winner!

Build Orders: Hatch First 

Get SALT Encoding   

  12  0:00  Drone  
  13  0:12  Overlord  
  13  0:16  Drone  
  14  0:30  Drone x2  
  16  0:48  Hatchery  
  15  0:50  Drone  
  15  0:54  Drone  
  18  0:57  Drone  
  18  1:08  Extractor  
  17  1:12  Spawning Pool  
  17  1:15  Drone  
  18  1:18  Drone  
  18  1:28  Drone  
  19  1:38  Drone  
  20  1:49  Drone  
  21  2:00  Queen x2, Zergling x2  
  26  2:01  Drone  
  27  2:10  Drone, Metabolic Boost  
  27  2:11  Overlord  
  28  2:29  Hatchery  
  27  2:30  Drone  
  27  2:31  Drone  
  27  2:33  Drone  
  30  2:39  Queen  
  32  2:45  Drone  
  32  2:47  Overlord  
  33  2:55  Drone, Baneling Nest  
  33  3:02  Drone  
  34  3:06  Drone  
  34  3:07  Drone  
  34  3:09  Drone x2  
  38  3:13  Drone  
  38  3:14  Zergling x4  
  41  3:22  Overlord  
  41  3:24  Zergling x4  
  41  3:26  Drone  
  44  3:37  Evolution Chamber  
  44  3:38  Baneling x3  
  44  3:39  Drone  
  44  3:44  Drone x3  
  44  3:46  Queen  
  44  3:47  Drone x2  
  51  3:52  Overlord  
  51  3:58  Drone x4  
  55  4:03  Drone x3  
  55  4:06  Extractor  
  55  4:07  Extractor  
  56  4:10  Lair  
  56  4:18  Drone x2  
  56  4:19  Drone, Roach Warren  
  56  4:21  Drone  
  59  4:25  Drone x2  
  59  4:28  Drone x3  
  64  4:35  Zerg Missile Weapons Level 1  
  64  4:37  Drone x2  
  66  4:39  Overlord  
  65  4:56  Overlord  
  65  4:57  Overlord  
  65  4:59  Drone x2  
  67  5:00  Extractor  
  67  5:02  Extractor  
  65  5:13  Roach x5  
  73  5:14  Roach x4  
  73  5:16  Glial Reconstitution  
  73  5:17  Overlord  
  73  5:21  Overlord  
  81  5:28  Roach x4  
  87  5:36  Roach x3  
  87  5:40  Roach x2  
  87  5:41  Roach  
  87  5:42  Overlord x3  
  99  5:53  Roach x3  
  105  5:58  Overlord x2  
  105  6:02  Roach x3  
  111  6:08  Roach x4  
  119  6:15  Roach x3  
  125  6:20  Ravager  
  125  6:21  Roach, Ravager  
  125  6:22  Roach x2  
  125  6:25  Roach x2  
  137  6:29  Roach x2  
  137  6:32  Roach  
  140  6:43  Roach x5  
  140  6:46  Roach x2  
  144  6:50  Roach  
  139  6:56  Roach x2  
  135  7:04  Roach x3  
Tags
 
Add a new tag
Caveats
  • Supply blocks, unpowered buildings, or Contaminate may cause inaccurate times.
  • Supply counts are checked every 10 seconds.